Match 40848242
Unlisted

Match 40848242
End
Panzergrenadier Squad
Selects Armored Support Battlegroup
Panzergrenadier Squad
Panzergrenadier Squad
Construct Light Support Kompanie
Fire Support Elements
Panzergrenadier Squad
Selects Salvage Kits
Selects Veteran Gunners
Flakvierling Half-track
Pak 38 Anti-tank Gun Team
2.5-tonne Medical Truck
Construct Panzerarmee Kommand
Selects Panzer Storm
Pak 38 Anti-tank Gun Team
Walking Stuka Rocket Launcher
Selects Stuka Anti-tank Loiter
Panzer III L Medium Tank
Stuka Anti-tank Loiter
2.5-tonne Medical Truck
Pak 38 Anti-tank Gun Team
Armored Reserves
Panzer IV Assault Group
Stuka Anti-tank Loiter
Panzer III L Medium Tank
lehn19811981
Skymoon
제육 볶음
General Ho Lee phuc
KHALIFA-MHR
彡★🔻SALADIN🔻★彡
nilshousker
Teddy
0
0

Comments sign in to comment!

No comments posted yet!